cohdb
Replays
Latest Replays
All Replays
Popular Replays
Top Player Replays
Match Explorer
How It Works
Community
CoH3 Stats
Reddit
Sign in to upload your games and track your stats! →
Sign in with Steam
Match 44505005
Unlisted
Match 44505005
Overview
Messages
Build Orders
End
Construct Weapon Support Center
Engineer Squad
Selects Armored Battlegroup
M1919 Machine Gun Team
Bazooka Squad
M1919 Machine Gun Team
Air Support Center
Selects Veteran Crews
Selects Fast Deploy
M3 Armored Personnel Carrier
Grasshopper Recon Run
M3 Armored Personnel Carrier
M3 Armored Personnel Carrier
Grasshopper Recon Run
M3 Armored Personnel Carrier
Engineer Squad
Forward Retreat Point
Grasshopper Recon Run
Construct Tank Depot
Selects Field Repairs
Selects War Machine
Grasshopper Recon Run
Selects Seek and Destroy
Grasshopper Recon Run
P-47 Strafing Run
P-47 Dive Bomb
Air Supremacy
Improved Aircraft Armor
Double Sortie
Selects UNKNOWN (2160077)
M4A3E8 Sherman Easy Eight
M4A3E8 Sherman Easy Eight
Engineer Squad
Engineer Squad
Grasshopper Recon Run
Engineer Squad
M4A3E8 Sherman Easy Eight
Grasshopper Recon Run
Grasshopper Recon Run
P-47 Dive Bomb
Forward Retreat Point
P-47 Strafing Run
M4A3E8 Sherman Easy Eight
P-47 Dive Bomb
P-47 Strafing Run
Grasshopper Recon Run
P-47 Strafing Run
P-47 Dive Bomb
P-47 Strafing Run
P-47 Dive Bomb
M4A1 Sherman Medium Tank
M4A1 Sherman Medium Tank
HIBBLE
Sulq
TacticalVanguard
Qatheeb al-Akbar
el campo
Doctor Guver
MaXiS
CHADTOWNE
0
0
Comments
sign in to comment!
No comments posted yet!